 Dungeon Crawl Stone Soup version 0.16.1-11-g651b585 (webtiles) character file.

107 Radiman the Digger (level 4, -3/24 HPs)
             Began as a Gargoyle Earth Elementalist on Apr 3, 2015.
             Killed from afar by an orc wizard (11 damage)
             ... with a magic dart
             ... on level 3 of the Dungeon.
             The game lasted 00:11:41 (2971 turns).

Radiman the Digger (Gargoyle Earth Elementalist)    Turns: 2971, Time: 00:11:41

Health: -3/24      AC:  5    Str: 11    XL:     4   Next: 85%
Magic:  0/10       EV: 12    Int: 17    God:
Gold:   194        SH:  0    Dex: 10    Spells: 3 memorised, 4 levels left

rFire  . . .     SeeInvis .     (no weapon)
rCold  . . .     Clarity  .     c - +0 robe
rNeg   + . .     SustAb   .     (no shield)
rPois  ∞         Gourm    .     (no helmet)
rElec  +         Spirit   .     (no cloak)
rCorr  .         Warding  .     (no gloves)
rMut   .         Stasis   .     (no boots)
MR     .....                    (no amulet)
Stlth  ++........               (no ring)
                                (no ring)

@: not resistant to hostile enchantments, unstealthy
A: negative energy resistance 1, electricity resistance, unbreathing,
petrification resistance, rot immunity, AC +3
a: no special abilities


You were on level 3 of the Dungeon.
You were not hungry.

You visited 1 branch of the dungeon, and saw 3 of its levels.

You collected 194 gold pieces.

Inventory:

Missiles
 b - 100 stones (quivered)
Armour
 c - a +0 robe (worn)
Scrolls
 e - 3 scrolls of teleportation
 k - a scroll of identify
Potions
 f - a potion of brilliance
 h - a potion of degeneration {unknown}
 j - a potion of curing
 l - a potion of heal wounds {unknown}
Books
 d - a book of Geomancy

   Spells                             Type                      Level
   a - Sandblast                      Earth                        1
   b - Stoneskin                      Transmutation/Earth          2
   c - Passwall                       Transmutation/Earth          3
   d - Stone Arrow                    Conjuration/Earth            3
   e - Petrify                        Transmutation/Earth          4
   f - Lee's Rapid Deconstruction     Earth                        5
Comestibles
 a - a bread ration
 g - 2 meat rations
 i - 4 fruits


   Skills:
 - Level 1.5 Dodging
 - Level 2.1 Stealth
 * Level 3.7 Spellcasting
 + Level 1.0 Conjurations
 - Level 0.7 Transmutations
 + Level 4.6 Earth Magic


You had 4 spell levels left.
You knew the following spells:

 Your Spells              Type           Power        Failure   Level  Hunger
a - Sandblast             Erth           ###...       2%          1    None
b - Stoneskin             Trmt/Erth      ##......     10%         2    ##.....
c - Stone Arrow           Conj/Erth      ##....       17%         3    ###....


Dungeon Overview and Level Annotations

Branches:
Dungeon (3/15)

Altars:
Gozag
The Shining One


Innate Abilities, Weirdness & Mutations

You are resistant to torment.
You are immune to poison.
Your stone body is very resilient (AC +3).
You resist negative energy.
You are resistant to electric shocks.
You can survive without breathing.
You are immune to petrification.
You are immune to rotting.


Message History

The blast of sand hits the orc.
The orc closely misses you.
The orc wizard casts a spell.
The orc wizard seems to speed up.
The orc wizard gestures at you while chanting.
The magic dart hits you!
* * * LOW HITPOINT WARNING * * *
Casting: Sandblast
Confirm with . or Enter, or press ? or * to list all spells.
Aiming: Sandblast
Press: ? - help, Shift-Dir - straight line, f - orc wizard, p - orc
Aim: an orc wizard, wielding a dagger of electrocution and wearing a robe (moderately wounded, fast)
The blast of sand misses the orc wizard.
The orc wizard gestures wildly while chanting.
The orc wizard blinks!
The orc wizard closely misses you.
The orc wizard points at you and mumbles some strange words.
You resist with some effort.
The orc wizard points at you and mumbles some strange words.
The magic dart hits you!
You die...

###.# #.#.#.### #.#
#.#.#.# #[# #.#.#.#
###.#########.#.#.#
#..........##.#.#o#
#.#.######.##.#.#.########
#.#.# #....#.#......... #
#.# #..#....o.......# #.#
#..#.#.@........ #.#
#..#.##<......#. #.#
#..#.######<#.# #.# #..#..
.#.. . #..### .# #..# #..#
###


You could see an orc wizard and an orc.

Vanquished Creatures
  Terence (D:1)
  2 adders (D:3)
  2 worms
  2 giant geckos
  6 orcs (D:3)
  11 goblins
  7 hobgoblins
  2 quokkas (D:2)
  A ball python (D:1)
  3 bats
  5 giant cockroaches (D:2)
  6 giant newts
  7 kobolds
  3 rats
58 creatures vanquished.

Notes
Turn   | Place    | Note
--------------------------------------------------------------
     0 | D:1      | Radiman, the Gargoyle Earth Elementalist, began the quest for the Orb.
     0 | D:1      | Reached XP level 1. HP: 10/10 MP: 3/3
   329 | D:1      | Reached XP level 2. HP: 15/15 MP: 1/5
   333 | D:1      | Learned a level 2 spell: Stoneskin
   779 | D:1      | Reached skill level 4 in Earth Magic
  1098 | D:1      | Reached XP level 3. HP: 19/19 MP: 4/6
  1103 | D:1      | Learned a level 3 spell: Stone Arrow
  1686 | D:2      | Found a glowing golden altar of the Shining One.
  1928 | D:2      | Noticed Terence
  1999 | D:1      | Killed Terence
  1999 | D:1      | Reached XP level 4. HP: 8/24 MP: 0/9
  2651 | D:3      | Found an opulent altar of Gozag.
  2941 | D:3      | Reached skill level 1 in Conjurations
  2971 | D:3      | Killed from afar by an orc wizard

Action                   |  1- 3 |  4- 6 || total
-------------------------+-------+-------++-------
Melee: Unarmed           |    72 |     6 ||    78
 Cast: Sandblast         |    79 |    58 ||   137
  Use: Scroll            |     7 |       ||     7
       Potion            |     1 |       ||     1
  Eat: Chunk             |     3 |     4 ||     7
